 Dungeon Crawl Stone Soup version 0.28.0-53-g5a82cb258f (webtiles) character file.

Game seed: 5979363940008669878

3 yokelz the Sneak (level 1, -3/19 HPs)
             Began as a Palentonga Delver on Aug 15, 2022.
             Slain by an adder (4 damage)
             ... on level 4 of the Dungeon.
             The game lasted 00:01:32 (88 turns).

yokelz the Sneak (Palentonga Delver)                  Turns: 88, Time: 00:01:38

Health: -3/19      AC:  8    Str: 15    XL:     1   Next: 41%
Magic:  1/1        EV:  2    Int: 10    God:
Gold:   38         SH:  0    Dex: 11    Spells: 0/0 levels left

rFire   . . .      SeeInvis +   a - +0 mace
rCold   . . .      Faith    .   (no shield)
rNeg    . . .      Spirit   .   d - +0 plate armour
rPois   .          Reflect  .   (no helmet)
rElec   .          Harm     .   (no cloak)
rCorr   .          Rampage  .   (no gloves)
Will    .....                   (no barding)
Stlth   ..........              (no amulet)
HPRegen 0.06/turn               (no ring)
MPRegen 0.07/turn               (no ring)

@: no status effects
A: large, rugged brown scales 3, see invisible, deformed body, roll 1, armoured
tail
a: Rolling Charge


You were on level 4 of the Dungeon.
You visited 1 branch of the dungeon, and saw 2 of its levels.

You collected 38 gold pieces.

Inventory:

Hand Weapons
 a - a +0 mace (weapon)
Armour
 b - a +0 leather armour
 d - a +0 plate armour (worn)
Wands
 g - a wand of digging (3)
Scrolls
 c - a scroll of fog
 e - a scroll of fear
Potions
 f - a potion of haste


   Skills:
 - Level 3.0 Fighting
 + Level 2.3 Maces & Flails
 - Level 1.5 Dodging
 - Level 3.3 Stealth


You couldn't memorise any spells.
You didn't know any spells.
Your spell library was empty.

Dungeon Overview and Level Annotations

Branches:
Dungeon (5/15)
 Temple: D:4-7

Altars:

Annotations:
D:4 1 transporter


Innate Abilities, Weirdness & Mutations

You are completely covered in rugged brown scales. (AC +3, +7% HP)
You have supernaturally acute eyesight. (SInv)
Armour fits poorly on your strangely shaped body.
You can roll at nearby foes to attack.
You have a long armoured tail.


Message History

There is a stone staircase leading down here.
Found a plate armour.
A hobgoblin and an adder come into view.
Found a moonstone ring.
The hobgoblin shouts!
The adder hisses angrily.
You hear a shout!
An orc comes into view. It is wielding a +0 dagger.
The orc shouts!
The orc hits you with a +0 dagger.
You hit the orc.
The orc is lightly wounded.
The orc hits you but does no damage.
You sock the orc!
You kill the orc!
You hit the hobgoblin.
The hobgoblin is severely wounded.
The hobgoblin hits you but does no damage.
The adder bites you but does no damage.
You hit the hobgoblin.
You kill the hobgoblin!
The adder bites you but does no damage.
You barely miss the adder. The adder bites you.
You are poisoned.
The adder poisons you! The adder bites you.
You barely miss the adder.
Your tail-slap misses the adder.
You feel sick. The adder barely misses you. The adder bites you.
You hit the adder.
The adder is heavily wounded.
You feel sick. The adder bites you but does no damage. The adder bites you.
* * * LOW HITPOINT WARNING * * *
You hit the adder.
Your tail-slap misses the adder.
The adder is almost dead.
* * * LOW HITPOINT WARNING * * *
You feel sick. The adder bites you but does no damage.
You barely miss the adder.
Your tail-slap misses the adder.
The adder is almost dead.
* * * LOW HITPOINT WARNING * * *
You feel sick.
You are no longer poisoned.
The adder bites you but does no damage. The adder bites you.
You die...

S#P8#.... .###.#
#####..# ##. .#...##
.......##... ......#
............ ###.....#
..>.......# #.......#
........#######......##
#......####.#.........#
........#......S.)...##
.#...##.........@.....#
#####.#.##...........##
#...####.........#
#.......# #.........#
#.....g...........###
....##....[.#.##..##
..## #....#####...# ..
..#..# ..## . ..#...


You could see an adder.

Vanquished Creatures
  An orc (D:4)
  A hobgoblin (D:4)
2 creatures vanquished.

Notes
Turn   | Place    | Note
-------+----------+-------------------------------------------
     0 | D:5      | yokelz the Palentonga Delver began the quest for the Orb.
     0 | D:5      | Reached XP level 1. HP: 19/19 MP: 1/1
    51 | D:4      | Noticed an orc priest
    63 | D:4      | Noticed an electric eel
    63 | D:4      | Noticed an electric eel
    63 | D:4      | Found a transporter.
    88 | D:4      | Slain by an adder

Illustrated notes

Levels and vault maps discovered:
D:4:      gammafunk_steamed_eel, layout_cave_pools, kennysheep_generic_room_14
D:5:      layout_rooms, grunt_decor_one_mirror, minmay_hedge_maze,
          kennysheep_generic_room_7, uniq_prince_ribbit1

Action                   || total
-------------------------++-------
Melee: Mace              ||     9
  Use: Scroll            ||     1
Armor: Plate armour      ||     7
Dodge: Dodged            ||     1
